Lightning vs Senators

Created - April 9 2012 at 19:27

Goals
1 2 3 OT1 T
Lightning 3 0 1 0 4
Senators 3 0 1 1 5
Shots
1 2 3 OT1 T
Lightning 9 14 8 1 32
Senators 11 10 11 5 37

Period #1

1. Lightning , Martin Havlat 1 (Patrick Sharp, Tomas Plekanec) at 5:40
2. Lightning , Patrick Kane 1 (Martin St. Louis, Marek Zidlicky) at 9:10
3. Senators , Sidney Crosby 1 (Claude Giroux) at 9:40
4. Senators , Brian Rafalski 1 (Sidney Crosby, Claude Giroux) at 10:18
5. Senators , Dion Phaneuf 1 (Sidney Crosby, Brian Rafalski) at 11:51 (PP)
6. Lightning , Patrick Sharp 1 (Martin Havlat, Tomas Plekanec) at 14:54 (PP)

Penalties :
Cory Stillman (OTT) for High sticking (Minor) at 1:10, Sidney Crosby (OTT) for Holding Stick (Minor) at 2:46, Marek Zidlicky (TBL) for Tripping (Minor) at 11:19, Tim Gleason (TBL) for Holding (Minor) at 12:38, Jamie Benn (OTT) for Charging (Minor) at 13:44, Brent Seabrook (TBL) for Roughing (Minor) at 19:21

Period #2

No Goal

Penalties :
Jason Spezza (OTT) for Roughing (Minor) at 8:12, Tim Gleason (TBL) for Hooking (Minor) at 8:12, Adrian Aucoin (OTT) for Interference (Minor) at 10:50, James Wisniewski (OTT) for Interference (Minor) at 13:14, Jamie Benn (OTT) for Fighting (Major) at 19:21, Brent Seabrook (TBL) for Fighting (Major) at 19:21

Period #3

7. Lightning , Martin St. Louis 1 (Patrick Kane, Brent Seabrook) at 12:18
8. Senators , Sidney Crosby 2 (Jamie Benn, Dion Phaneuf) at 17:07 (PP)

Penalties :
Brian Willsie (OTT) for Roughing (Minor) at 0:21, Dion Phaneuf (OTT) for Goalie Interference (Minor) at 0:42, Scott Hartnell (TBL) for High sticking (Minor) at 13:44, Martin St. Louis (TBL) for Interference (Minor) at 16:46, Tomas Plekanec (TBL) for Charging (Minor) at 17:27

Overtime #1

9. Senators , Sidney Crosby 3 (Adrian Aucoin, Claude Giroux) at 9:36

Penalties :
Andy Sutton (TBL) for Holding Stick (Minor) at 2:55, Brent Seabrook (TBL) for Goalie Interference (Minor) at 4:00, Paul Stastny (TBL) for Interference (Minor) at 9:36

Goalie Stats

Jaroslav Halak (TBL), 32 saves from 37 shots - (0.865), OTL, 0-0-1, 69:37 minutes
Carey Price (OTT), 28 saves from 32 shots - (0.875), W, 1-0-0, 69:37 minutes

Players Stats

Lightning
Player Name              G  A  P  +/- PIM S  H  SB FO    MP 
------------------------------------------------------------
Andrej Meszaros          0  0  0   0  0   1  2  0  0/0   21 
Andy Sutton              0  0  0  -1  2   1  0  2  0/0   23 
Brent Seabrook           0  1  1   0  9   0  2  1  0/0   27 
Derek Joslin             0  0  0   0  0   0  0  0  0/0   0  
John Erskine             0  0  0   0  0   0  0  0  0/0   1  
Josh Gorges              0  0  0   1  0   1  1  4  0/0   23 
Marcel Goc               0  0  0  -1  0   1  0  0  8/24  19 
Marek Zidlicky           0  1  1   0  2   0  0  2  0/0   25 
Martin Havlat            1  1  2   1  0   5  0  0  0/0   20 
Martin St. Louis         1  1  2   0  2   3  2  2  1/1   27 
Nick Spaling             0  0  0   0  0   0  0  0  0/0   6  
Patrick Kane             1  1  2   0  0   4  0  1  0/3   26 
Patrick Sharp            1  1  2   1  0   5  3  0  1/3   20 
Paul Stastny             0  0  0   1  2   3  3  1  15/34 26 
Scott Hartnell           0  0  0  -1  2   1  2  0  0/0   14 
Teddy Purcell            0  0  0  -1  0   3  0  0  1/3   13 
Tim Gleason              0  0  0  -1  4   1  0  0  0/0   19 
Tomas Plekanec           0  2  2   1  2   3  0  0  21/41 24 
Senators
Player Name              G  A  P  +/- PIM S  H  SB FO    MP 
------------------------------------------------------------
Adrian Aucoin            0  1  1   2  2   2  2  1  0/0   21 
Brian Rafalski           1  1  2   2  0   2  0  0  0/0   24 
Brian Willsie            0  0  0   0  2   1  2  0  0/1   18 
Claude Giroux            0  3  3   2  0   2  5  0  0/0   20 
Cory Stillman            0  0  0  -2  2   0  3  0  0/0   18 
Daniel Winnik            0  0  0   0  0   0  0  0  0/0   4  
Dion Phaneuf             1  1  2   0  2   4  2  4  0/0   24 
Henrik Zetterberg        0  0  0  -2  0   3  1  0  0/2   24 
James Wisniewski         0  0  0  -2  2   1  0  0  0/0   27 
Jamie Benn               0  1  1   2  7   3  2  0  1/2   20 
Jason Spezza             0  0  0   0  2   2  1  0  19/27 20 
Jeff Schultz             0  0  0   0  0   1  0  0  0/0   24 
John Tavares             0  0  0  -2  0   3  1  0  15/27 23 
Kevin Klein              0  0  0  -2  0   0  1  2  0/0   18 
Kristian Huselius        0  0  0   0  0   2  0  0  0/1   14 
Ryan Johnson             0  0  0   0  0   0  0  0  6/7   4  
Sidney Crosby            3  2  5   2  2   11 0  1  18/33 23 
Todd Marchant            0  0  0   0  0   0  0  0  3/9   6  

3 Stars

1 - Sidney Crosby (OTT)
2 - Claude Giroux (OTT)
3 - Patrick Sharp (TBL)

Power Play

Lightning - 1 on 7 Attempt(s) - 14.29%
Senators - 2 on 9 Attempt(s) - 22.22%

Penalty Kill

Lightning - 7 on 9 Attempt(s) - 77.78% - Score 0 goal in Penalty Kill
Senators - 6 on 7 Attempt(s) - 85.71% - Score 0 goal in Penalty Kill

Game Notes

Brent Seabrook beats up Jamie Benn at 19:21 of 2nd period
Sidney Crosby has scored a Hat Trick!

Finance

Level 1 -- Attendance: 6049 (93.06%) -- Ticket Income $604,900.00
Level 2 -- Attendance: 4186 (83.72%) -- Ticket Income $251,160.00
Level 3 -- Attendance: 3320 (94.86%) -- Ticket Income $116,200.00
Level 4 -- Attendance: 1819 (57.69%) -- Ticket Income $54,570.00
Luxury Box -- Attendance: 728 (72.80%) -- Ticket Income $182,000.00
Game was played at the Scotiabank Place
Total Attendance: 16102 (84.07%)
Total Ticket Income: $1,320,838.00
Other Income: $396,251.36
Total Income: $1,717,089.00


Play by Play

Period #1

0:01 of 1st period - Paul Stastny wins face-off versus Sidney Crosby in neutral zone.
0:24 of 1st period - Shot by Sidney Crosby.
0:24 of 1st period - Shot Blocked by Patrick Kane.
0:36 of 1st period - Shot by Claude Giroux.
0:36 of 1st period - Stopped by Jaroslav Halak without a rebound.
0:37 of 1st period - Tomas Plekanec wins face-off versus John Tavares in Lightning zone.
0:37 of 1st period - Tomas Plekanec is hit by Cory Stillman.
0:42 of 1st period - Tomas Plekanec is hit by Cory Stillman and loses puck.
0:49 of 1st period - Shot by Tomas Plekanec.
0:49 of 1st period - Shot Misses the Net.
1:10 of 1st period - Minor Penalty to Cory Stillman for High sticking.
1:11 of 1st period - Todd Marchant wins face-off versus Paul Stastny in Senators zone.
2:01 of 1st period - Shot by Tomas Plekanec.
2:01 of 1st period - Shot Misses the Net.
2:05 of 1st period - Shot by Patrick Sharp.
2:05 of 1st period - Stopped by Carey Price without a rebound.
2:06 of 1st period - Tomas Plekanec wins face-off versus Todd Marchant in Senators zone.
2:46 of 1st period - Minor Penalty to Sidney Crosby for Holding Stick.
2:47 of 1st period - John Tavares wins face-off versus Paul Stastny in Senators zone.
2:53 of 1st period - Icing by Brent Seabrook.
2:54 of 1st period - Paul Stastny wins face-off versus Todd Marchant in Lightning zone.
3:33 of 1st period - Shot by Tomas Plekanec.
3:33 of 1st period - Shot Misses the Net.
4:38 of 1st period - Icing by Nick Spaling.
4:39 of 1st period - Ryan Johnson wins face-off versus Marcel Goc in Lightning zone.
5:34 of 1st period - Icing by Kevin Klein.
5:35 of 1st period - Tomas Plekanec wins face-off versus John Tavares in Senators zone.
5:40 of 1st period - Shot by Martin Havlat.
5:40 of 1st period - Goal by Martin Havlat - Lightning : 1 - Senators : 0.
5:41 of 1st period - Jason Spezza wins face-off versus Tomas Plekanec in neutral zone.
5:46 of 1st period - Icing by Patrick Sharp.
5:47 of 1st period - Sidney Crosby wins face-off versus Tomas Plekanec in Lightning zone.
5:53 of 1st period - Icing by Brent Seabrook.
5:54 of 1st period - Tomas Plekanec wins face-off versus Jason Spezza in Lightning zone.
6:03 of 1st period - Shot by Tomas Plekanec.
6:03 of 1st period - Shot Blocked by Dion Phaneuf.
6:05 of 1st period - Shot by Tomas Plekanec.
6:05 of 1st period - Deflect By Patrick Sharp.
6:05 of 1st period - Stopped by Carey Price without a rebound.
6:06 of 1st period - Paul Stastny wins face-off versus Sidney Crosby in Senators zone.
6:18 of 1st period - Shot by Claude Giroux.
6:18 of 1st period - Shot Misses the Net.
6:34 of 1st period - Shot by Patrick Kane.
6:34 of 1st period - Shot Blocked by Adrian Aucoin.
6:36 of 1st period - Shot by Paul Stastny.
6:36 of 1st period - Shot Hit the Post.
6:38 of 1st period - Shot by Patrick Kane.
6:38 of 1st period - Stopped by Carey Price without a rebound.
6:39 of 1st period - Jason Spezza wins face-off versus Patrick Sharp in Senators zone.
7:22 of 1st period - Kristian Huselius is hit by Andrej Meszaros and loses puck.
7:58 of 1st period - Icing by Marcel Goc.
7:59 of 1st period - Sidney Crosby wins face-off versus Marcel Goc in Lightning zone.
8:06 of 1st period - Shot by Sidney Crosby.
8:06 of 1st period - Shot Misses the Net.
8:17 of 1st period - Teddy Purcell is hit by Adrian Aucoin and loses puck.
8:29 of 1st period - Claude Giroux is hit by Martin St. Louis and loses puck.
8:33 of 1st period - Off-side.
8:34 of 1st period - Paul Stastny wins face-off versus Henrik Zetterberg in neutral zone.
8:34 of 1st period - Paul Stastny is hit by Cory Stillman.
9:10 of 1st period - Shot by Patrick Kane.
9:10 of 1st period - Goal by Patrick Kane - Lightning : 2 - Senators : 0.
9:11 of 1st period - Tomas Plekanec wins face-off versus Jason Spezza in neutral zone.
9:28 of 1st period - Shot by Kristian Huselius.
9:28 of 1st period - Stopped by Jaroslav Halak without a rebound.
9:29 of 1st period - Sidney Crosby wins face-off versus Marcel Goc in Lightning zone.
9:36 of 1st period - Shot by Sidney Crosby.
9:36 of 1st period - Stopped by Jaroslav Halak with a rebound.
9:40 of 1st period - Shot by Sidney Crosby.
9:40 of 1st period - Goal by Sidney Crosby - Lightning : 2 - Senators : 1.
9:41 of 1st period - Jason Spezza wins face-off versus Tomas Plekanec in neutral zone.
10:04 of 1st period - Shot by Martin Havlat.
10:04 of 1st period - Deflect By Patrick Sharp.
10:04 of 1st period - Shot Misses the Net.
10:06 of 1st period - Shot by Tomas Plekanec.
10:06 of 1st period - Stopped by Carey Price without a rebound.
10:07 of 1st period - Jamie Benn wins face-off versus Paul Stastny in Senators zone.
10:18 of 1st period - Shot by Brian Rafalski.
10:18 of 1st period - Goal by Brian Rafalski - Lightning : 2 - Senators : 2.
10:19 of 1st period - Marcel Goc wins face-off versus John Tavares in neutral zone.
11:04 of 1st period - Off-side.
11:05 of 1st period - Sidney Crosby wins face-off versus Patrick Kane in neutral zone.
11:19 of 1st period - Minor Penalty to Marek Zidlicky for Tripping.
11:20 of 1st period - Sidney Crosby wins face-off versus Tomas Plekanec in Lightning zone.
11:24 of 1st period - Sidney Crosby is hit by Brent Seabrook and loses puck.
11:51 of 1st period - Shot by Dion Phaneuf.
11:51 of 1st period - Goal by Dion Phaneuf - Lightning : 2 - Senators : 3.
11:52 of 1st period - Jason Spezza wins face-off versus Paul Stastny in neutral zone.
12:38 of 1st period - Minor Penalty to Tim Gleason for Holding.
12:39 of 1st period - Jason Spezza wins face-off versus Marcel Goc in Lightning zone.
12:52 of 1st period - Shot by Brian Rafalski.
12:52 of 1st period - Stopped by Jaroslav Halak with a rebound.
12:56 of 1st period - Shot by Henrik Zetterberg.
12:56 of 1st period - Shot Misses the Net.
12:58 of 1st period - Shot by Henrik Zetterberg.
12:58 of 1st period - Shot Misses the Net.
13:00 of 1st period - Shot by Jason Spezza.
13:00 of 1st period - Stopped by Jaroslav Halak without a rebound.
13:01 of 1st period - Tomas Plekanec wins face-off versus Sidney Crosby in Lightning zone.
13:25 of 1st period - Shot by Claude Giroux.
13:25 of 1st period - Shot Misses the Net.
13:27 of 1st period - Shot by Henrik Zetterberg.
13:27 of 1st period - Shot Misses the Net.
13:29 of 1st period - Shot by Jeff Schultz.
13:29 of 1st period - Shot Blocked by Andy Sutton.
13:44 of 1st period - Minor Penalty to Jamie Benn for Charging.
13:45 of 1st period - John Tavares wins face-off versus Paul Stastny in Senators zone.
14:10 of 1st period - Adrian Aucoin is hit by Paul Stastny and loses puck.
14:20 of 1st period - Icing by Adrian Aucoin.
14:21 of 1st period - Tomas Plekanec wins face-off versus John Tavares in Senators zone.
14:22 of 1st period - Shot by Martin Havlat.
14:22 of 1st period - Shot Misses the Net.
14:24 of 1st period - Shot by Josh Gorges.
14:24 of 1st period - Shot Misses the Net.
14:54 of 1st period - Shot by Patrick Sharp.
14:54 of 1st period - Goal by Patrick Sharp - Lightning : 3 - Senators : 3.
14:55 of 1st period - Sidney Crosby wins face-off versus Marcel Goc in neutral zone.
15:00 of 1st period - Shot by Sidney Crosby.
15:00 of 1st period - Shot Blocked by Josh Gorges.
15:04 of 1st period - Shot by Jamie Benn.
15:04 of 1st period - Stopped by Jaroslav Halak without a rebound.
15:05 of 1st period - Jason Spezza wins face-off versus Paul Stastny in Lightning zone.
15:27 of 1st period - Paul Stastny is hit by Dion Phaneuf and loses puck.
15:41 of 1st period - Patrick Kane is hit by Brian Willsie and loses puck.
16:06 of 1st period - Shot by Martin Havlat.
16:06 of 1st period - Stopped by Carey Price without a rebound.
16:07 of 1st period - Marcel Goc wins face-off versus John Tavares in Senators zone.
17:07 of 1st period - Icing by Patrick Sharp.
17:08 of 1st period - Tomas Plekanec wins face-off versus Sidney Crosby in Lightning zone.
18:16 of 1st period - Shot by Martin St. Louis.
18:16 of 1st period - Stopped by Carey Price without a rebound.
18:17 of 1st period - Jason Spezza wins face-off versus Marcel Goc in Senators zone.
18:46 of 1st period - Shot by Jeff Schultz.
18:46 of 1st period - Stopped by Jaroslav Halak without a rebound.
18:47 of 1st period - John Tavares wins face-off versus Paul Stastny in Lightning zone.
19:21 of 1st period - Minor Penalty to Brent Seabrook for Roughing.
19:22 of 1st period - Tomas Plekanec wins face-off versus Sidney Crosby in Lightning zone.
19:47 of 1st period - Shot by Sidney Crosby.
19:47 of 1st period - Stopped by Jaroslav Halak without a rebound.
19:48 of 1st period - Jason Spezza wins face-off versus Tomas Plekanec in Lightning zone.
19:53 of 1st period - Shot by Jason Spezza.
19:53 of 1st period - Shot Blocked by Josh Gorges.

Period #2

0:01 of 2nd period - Tomas Plekanec wins face-off versus Henrik Zetterberg in neutral zone.
0:36 of 2nd period - Shot by James Wisniewski.
0:36 of 2nd period - Deflect By Jason Spezza.
0:36 of 2nd period - Shot Blocked by Josh Gorges.
0:57 of 2nd period - Icing by Dion Phaneuf.
0:58 of 2nd period - Sidney Crosby wins face-off versus Marcel Goc in Senators zone.
1:03 of 2nd period - Shot by Dion Phaneuf.
1:03 of 2nd period - Stopped by Jaroslav Halak with a rebound.
1:37 of 2nd period - Martin St. Louis is hit by Henrik Zetterberg and loses puck.
1:50 of 2nd period - Shot by Henrik Zetterberg.
1:50 of 2nd period - Stopped by Jaroslav Halak without a rebound.
1:51 of 2nd period - Tomas Plekanec wins face-off versus Sidney Crosby in Lightning zone.
1:56 of 2nd period - Shot by Sidney Crosby.
1:56 of 2nd period - Stopped by Jaroslav Halak without a rebound.
1:57 of 2nd period - Marcel Goc wins face-off versus Jason Spezza in Lightning zone.
1:59 of 2nd period - Icing by Tim Gleason.
2:00 of 2nd period - Jason Spezza wins face-off versus Marcel Goc in Lightning zone.
2:18 of 2nd period - Shot by Marcel Goc.
2:18 of 2nd period - Shot Blocked by Dion Phaneuf.
2:22 of 2nd period - Shot by Scott Hartnell.
2:22 of 2nd period - Shot Misses the Net.
2:24 of 2nd period - Shot by Marcel Goc.
2:24 of 2nd period - Shot Misses the Net.
2:26 of 2nd period - Shot by Andy Sutton.
2:26 of 2nd period - Stopped by Carey Price without a rebound.
2:27 of 2nd period - Sidney Crosby wins face-off versus Tomas Plekanec in Senators zone.
3:00 of 2nd period - Icing by Claude Giroux.
3:01 of 2nd period - Paul Stastny wins face-off versus Sidney Crosby in Senators zone.
3:18 of 2nd period - Shot by Paul Stastny.
3:18 of 2nd period - Stopped by Carey Price without a rebound.
3:19 of 2nd period - John Tavares wins face-off versus Marcel Goc in Senators zone.
5:28 of 2nd period - Shot by Jason Spezza.
5:28 of 2nd period - Shot Misses the Net.
6:46 of 2nd period - Off-side.
6:47 of 2nd period - Paul Stastny wins face-off versus John Tavares in neutral zone.
6:56 of 2nd period - Shot by Martin St. Louis.
6:56 of 2nd period - Stopped by Carey Price without a rebound.
6:57 of 2nd period - Marcel Goc wins face-off versus Jason Spezza in Senators zone.
7:00 of 2nd period - Shot by Teddy Purcell.
7:00 of 2nd period - Shot Blocked by Dion Phaneuf.
7:02 of 2nd period - Shot by Marcel Goc.
7:02 of 2nd period - Shot Misses the Net.
7:04 of 2nd period - Shot by Scott Hartnell.
7:04 of 2nd period - Stopped by Carey Price without a rebound.
7:05 of 2nd period - Tomas Plekanec wins face-off versus Sidney Crosby in Senators zone.
7:06 of 2nd period - Shot by Patrick Sharp.
7:06 of 2nd period - Shot Misses the Net.
7:16 of 2nd period - Claude Giroux is hit by Patrick Sharp and loses puck.
7:25 of 2nd period - Shot by Claude Giroux.
7:25 of 2nd period - Shot Misses the Net.
7:57 of 2nd period - Shot by Jason Spezza.
7:57 of 2nd period - Deflect By Kristian Huselius.
7:57 of 2nd period - Shot Misses the Net.
7:59 of 2nd period - Shot by Kristian Huselius.
7:59 of 2nd period - Stopped by Jaroslav Halak with a rebound.
8:12 of 2nd period - Minor Penalty to Jason Spezza for Roughing.
8:12 of 2nd period - Minor Penalty to Tim Gleason for Hooking.
8:13 of 2nd period - John Tavares wins face-off versus Paul Stastny in Lightning zone.
8:13 of 2nd period - John Tavares is hit by Brent Seabrook.
8:30 of 2nd period - Shot by Henrik Zetterberg.
8:30 of 2nd period - Deflect By John Tavares.
8:30 of 2nd period - Shot Misses the Net.
8:32 of 2nd period - Shot by John Tavares.
8:32 of 2nd period - Shot Misses the Net.
8:34 of 2nd period - Shot by James Wisniewski.
8:34 of 2nd period - Stopped by Jaroslav Halak without a rebound.
8:35 of 2nd period - John Tavares wins face-off versus Paul Stastny in Lightning zone.
9:18 of 2nd period - Icing by Tomas Plekanec.
9:19 of 2nd period - Tomas Plekanec wins face-off versus Sidney Crosby in Lightning zone.
9:56 of 2nd period - Shot by Patrick Kane.
9:56 of 2nd period - Shot Misses the Net.
10:20 of 2nd period - Shot by Scott Hartnell.
10:20 of 2nd period - Shot Misses the Net.
10:22 of 2nd period - Shot by Marcel Goc.
10:22 of 2nd period - Stopped by Carey Price with a rebound.
10:24 of 2nd period - Shot by Andrej Meszaros.
10:24 of 2nd period - Stopped by Carey Price without a rebound.
10:25 of 2nd period - Jason Spezza wins face-off versus Patrick Sharp in Senators zone.
10:32 of 2nd period - Icing by Andrej Meszaros.
10:33 of 2nd period - John Tavares wins face-off versus Tomas Plekanec in Lightning zone.
10:48 of 2nd period - Shot by Patrick Sharp.
10:48 of 2nd period - Deflect By Tomas Plekanec.
10:48 of 2nd period - Stopped by Carey Price without a rebound.
10:49 of 2nd period - Marcel Goc wins face-off versus Kristian Huselius in Senators zone.
10:49 of 2nd period - Marcel Goc is hit by Adrian Aucoin.
10:50 of 2nd period - Minor Penalty to Adrian Aucoin for Interference.
10:51 of 2nd period - Todd Marchant wins face-off versus Paul Stastny in Senators zone.
10:51 of 2nd period - Dion Phaneuf is hit by Paul Stastny and loses puck.
11:31 of 2nd period - Icing by Paul Stastny.
11:32 of 2nd period - Ryan Johnson wins face-off versus Paul Stastny in Lightning zone.
12:17 of 2nd period - Shot by Tomas Plekanec.
12:17 of 2nd period - Shot Misses the Net.
12:19 of 2nd period - Shot by Tim Gleason.
12:19 of 2nd period - Shot Blocked by Sidney Crosby.
12:21 of 2nd period - Shot by Andy Sutton.
12:21 of 2nd period - Shot Misses the Net.
12:23 of 2nd period - Shot by Tim Gleason.
12:23 of 2nd period - Stopped by Carey Price with a rebound.
12:27 of 2nd period - Shot by Patrick Sharp.
12:27 of 2nd period - Deflect By Tomas Plekanec.
12:27 of 2nd period - Stopped by Carey Price without a rebound.
12:28 of 2nd period - Tomas Plekanec wins face-off versus John Tavares in Senators zone.
12:36 of 2nd period - Shot by Patrick Sharp.
12:36 of 2nd period - Stopped by Carey Price without a rebound.
12:37 of 2nd period - Ryan Johnson wins face-off versus Tomas Plekanec in Senators zone.
12:49 of 2nd period - Icing by Tim Gleason.
12:50 of 2nd period - John Tavares wins face-off versus Marcel Goc in Lightning zone.
12:59 of 2nd period - Shot by John Tavares.
12:59 of 2nd period - Stopped by Jaroslav Halak with a rebound.
13:11 of 2nd period - Shot by Teddy Purcell.
13:11 of 2nd period - Shot Misses the Net.
13:13 of 2nd period - Shot by Andrej Meszaros.
13:13 of 2nd period - Shot Misses the Net.
13:14 of 2nd period - Minor Penalty to James Wisniewski for Interference.
13:15 of 2nd period - Paul Stastny wins face-off versus Todd Marchant in Senators zone.
13:24 of 2nd period - Shot by Martin St. Louis.
13:24 of 2nd period - Deflect By Paul Stastny.
13:24 of 2nd period - Stopped by Carey Price without a rebound.
13:25 of 2nd period - Ryan Johnson wins face-off versus Tomas Plekanec in Senators zone.
14:27 of 2nd period - Icing by Brent Seabrook.
14:28 of 2nd period - Ryan Johnson wins face-off versus Paul Stastny in Lightning zone.
14:37 of 2nd period - Dion Phaneuf is hit by Paul Stastny.
15:02 of 2nd period - Icing by Martin Havlat.
15:03 of 2nd period - Tomas Plekanec wins face-off versus Todd Marchant in Lightning zone.
15:29 of 2nd period - Shot by Marcel Goc.
15:29 of 2nd period - Shot Misses the Net.
15:38 of 2nd period - Shot by Scott Hartnell.
15:38 of 2nd period - Shot Blocked by Kevin Klein.
15:42 of 2nd period - Shot by Teddy Purcell.
15:42 of 2nd period - Shot Misses the Net.
15:44 of 2nd period - Shot by Teddy Purcell.
15:44 of 2nd period - Stopped by Carey Price without a rebound.
15:45 of 2nd period - Paul Stastny wins face-off versus Sidney Crosby in Senators zone.
16:06 of 2nd period - Shot by Claude Giroux.
16:06 of 2nd period - Shot Blocked by Marek Zidlicky.
16:08 of 2nd period - Shot by Adrian Aucoin.
16:08 of 2nd period - Stopped by Jaroslav Halak with a rebound.
16:37 of 2nd period - Shot by Jason Spezza.
16:37 of 2nd period - Stopped by Jaroslav Halak without a rebound.
16:38 of 2nd period - Tomas Plekanec wins face-off versus John Tavares in Lightning zone.
17:16 of 2nd period - Shot by Cory Stillman.
17:16 of 2nd period - Shot Misses the Net.
17:18 of 2nd period - Shot by John Tavares.
17:18 of 2nd period - Stopped by Jaroslav Halak without a rebound.
17:19 of 2nd period - Jason Spezza wins face-off versus Teddy Purcell in Lightning zone.
17:37 of 2nd period - Dion Phaneuf is hit by Scott Hartnell and loses puck.
17:46 of 2nd period - Shot by Teddy Purcell.
17:46 of 2nd period - Shot Misses the Net.
17:50 of 2nd period - Shot by Marcel Goc.
17:50 of 2nd period - Shot Hit the Post.
17:52 of 2nd period - Shot by Marcel Goc.
17:52 of 2nd period - Shot Misses the Net.
18:39 of 2nd period - Shot by Sidney Crosby.
18:39 of 2nd period - Stopped by Jaroslav Halak without a rebound.
18:40 of 2nd period - John Tavares wins face-off versus Paul Stastny in Lightning zone.
19:15 of 2nd period - Icing by Paul Stastny.
19:16 of 2nd period - Paul Stastny wins face-off versus Sidney Crosby in Lightning zone.
19:16 of 2nd period - Paul Stastny is hit by Claude Giroux.
19:21 of 2nd period - Brent Seabrook beats up Jamie Benn.
19:21 of 2nd period - Penalty to Jamie Benn for Fighting.
19:21 of 2nd period - Penalty to Brent Seabrook for Fighting.
19:22 of 2nd period - Jason Spezza wins face-off versus Teddy Purcell in Senators zone.
19:50 of 2nd period - Shot by Teddy Purcell.
19:50 of 2nd period - Stopped by Carey Price with a rebound.
19:52 of 2nd period - Shot by Tim Gleason.
19:52 of 2nd period - Shot Blocked by Dion Phaneuf.
19:54 of 2nd period - Shot by Teddy Purcell.
19:54 of 2nd period - Stopped by Carey Price without a rebound.
19:55 of 2nd period - Sidney Crosby wins face-off versus Tomas Plekanec in Senators zone.

Period #3

0:01 of 3rd period - Sidney Crosby wins face-off versus Paul Stastny in neutral zone.
0:06 of 3rd period - Shot by Claude Giroux.
0:06 of 3rd period - Shot Misses the Net.
0:08 of 3rd period - Shot by Claude Giroux.
0:08 of 3rd period - Shot Blocked by Andy Sutton.
0:12 of 3rd period - Shot by Claude Giroux.
0:12 of 3rd period - Stopped by Jaroslav Halak without a rebound.
0:13 of 3rd period - Jason Spezza wins face-off versus Tomas Plekanec in Lightning zone.
0:13 of 3rd period - Dion Phaneuf is hit by Josh Gorges and loses puck.
0:21 of 3rd period - Minor Penalty to Brian Willsie for Roughing.
0:22 of 3rd period - Martin St. Louis wins face-off versus Ryan Johnson in Senators zone.
0:23 of 3rd period - Shot by Paul Stastny.
0:23 of 3rd period - Deflect By Patrick Kane.
0:23 of 3rd period - Shot Misses the Net.
0:42 of 3rd period - Minor Penalty to Dion Phaneuf for Goalie Interference.
0:43 of 3rd period - Tomas Plekanec wins face-off versus Todd Marchant in Senators zone.
0:50 of 3rd period - Shot by Martin Havlat.
0:50 of 3rd period - Stopped by Carey Price with a rebound.
1:16 of 3rd period - Shot by Martin Havlat.
1:16 of 3rd period - Stopped by Carey Price without a rebound.
1:17 of 3rd period - Ryan Johnson wins face-off versus Paul Stastny in Senators zone.
1:41 of 3rd period - Icing by Martin St. Louis.
1:42 of 3rd period - Paul Stastny wins face-off versus Todd Marchant in Lightning zone.
1:59 of 3rd period - Shot by Paul Stastny.
1:59 of 3rd period - Shot Misses the Net.
2:01 of 3rd period - Shot by Josh Gorges.
2:01 of 3rd period - Stopped by Carey Price without a rebound.
2:02 of 3rd period - Todd Marchant wins face-off versus Tomas Plekanec in Senators zone.
2:15 of 3rd period - Shot by Andy Sutton.
2:15 of 3rd period - Shot Misses the Net.
2:24 of 3rd period - Teddy Purcell is hit by Kevin Klein and loses puck.
2:43 of 3rd period - Shot by Henrik Zetterberg.
2:43 of 3rd period - Stopped by Jaroslav Halak without a rebound.
2:44 of 3rd period - Tomas Plekanec wins face-off versus Sidney Crosby in Lightning zone.
2:44 of 3rd period - Tomas Plekanec is hit by Claude Giroux.
2:58 of 3rd period - Shot by Patrick Sharp.
2:58 of 3rd period - Deflect By Martin Havlat.
2:58 of 3rd period - Stopped by Carey Price without a rebound.
2:59 of 3rd period - Jason Spezza wins face-off versus Paul Stastny in Senators zone.
3:01 of 3rd period - Icing by Brian Willsie.
3:02 of 3rd period - Jason Spezza wins face-off versus Paul Stastny in Senators zone.
3:11 of 3rd period - Shot by Jason Spezza.
3:11 of 3rd period - Deflect By Kristian Huselius.
3:11 of 3rd period - Shot Misses the Net.
3:34 of 3rd period - Martin St. Louis is hit by Brian Willsie.
3:45 of 3rd period - Icing by Paul Stastny.
3:46 of 3rd period - Paul Stastny wins face-off versus Sidney Crosby in Lightning zone.
4:27 of 3rd period - Brian Rafalski is hit by Patrick Sharp and loses puck.
6:06 of 3rd period - Brent Seabrook is hit by Jamie Benn and loses puck.
7:03 of 3rd period - Shot by Henrik Zetterberg.
7:03 of 3rd period - Shot Misses the Net.
7:07 of 3rd period - Shot by Henrik Zetterberg.
7:07 of 3rd period - Stopped by Jaroslav Halak with a rebound.
7:21 of 3rd period - Cory Stillman is hit by Martin St. Louis and loses puck.
7:33 of 3rd period - Off-side.
7:34 of 3rd period - John Tavares wins face-off versus Tomas Plekanec in neutral zone.
8:01 of 3rd period - Dion Phaneuf is hit by Patrick Sharp and loses puck.
8:46 of 3rd period - Shot by Jamie Benn.
8:46 of 3rd period - Stopped by Jaroslav Halak with a rebound.
9:55 of 3rd period - Tim Gleason is hit by Claude Giroux.
9:56 of 3rd period - Icing by Tim Gleason.
9:57 of 3rd period - John Tavares wins face-off versus Marcel Goc in Lightning zone.
10:12 of 3rd period - Shot by Dion Phaneuf.
10:12 of 3rd period - Stopped by Jaroslav Halak without a rebound.
10:13 of 3rd period - Sidney Crosby wins face-off versus Tomas Plekanec in Lightning zone.
10:24 of 3rd period - Shot by Sidney Crosby.
10:24 of 3rd period - Shot Misses the Net.
10:26 of 3rd period - Shot by Claude Giroux.
10:26 of 3rd period - Shot Misses the Net.
10:42 of 3rd period - Shot by Patrick Sharp.
10:42 of 3rd period - Deflect By Martin Havlat.
10:42 of 3rd period - Shot Misses the Net.
11:02 of 3rd period - Shot by Henrik Zetterberg.
11:02 of 3rd period - Shot Misses the Net.
11:04 of 3rd period - Shot by John Tavares.
11:04 of 3rd period - Stopped by Jaroslav Halak without a rebound.
11:05 of 3rd period - Jason Spezza wins face-off versus Marcel Goc in Lightning zone.
11:10 of 3rd period - Shot by Kristian Huselius.
11:10 of 3rd period - Shot Misses the Net.
11:12 of 3rd period - Shot by Kristian Huselius.
11:12 of 3rd period - Shot Misses the Net.
11:35 of 3rd period - Scott Hartnell is hit by Dion Phaneuf and loses puck.
11:53 of 3rd period - Off-side.
11:54 of 3rd period - John Tavares wins face-off versus Tomas Plekanec in neutral zone.
12:00 of 3rd period - Icing by Andrej Meszaros.
12:01 of 3rd period - Tomas Plekanec wins face-off versus John Tavares in Lightning zone.
12:12 of 3rd period - Shot by Patrick Sharp.
12:12 of 3rd period - Stopped by Carey Price without a rebound.
12:13 of 3rd period - Paul Stastny wins face-off versus Jamie Benn in Senators zone.
12:16 of 3rd period - Shot by Martin St. Louis.
12:16 of 3rd period - Deflect By Patrick Kane.
12:16 of 3rd period - Stopped by Carey Price with a rebound.
12:18 of 3rd period - Shot by Martin St. Louis.
12:18 of 3rd period - Goal by Martin St. Louis - Lightning : 4 - Senators : 3.
12:19 of 3rd period - Sidney Crosby wins face-off versus Paul Stastny in neutral zone.
13:05 of 3rd period - Off-side.
13:06 of 3rd period - John Tavares wins face-off versus Marcel Goc in neutral zone.
13:15 of 3rd period - Shot by John Tavares.
13:15 of 3rd period - Shot Misses the Net.
13:36 of 3rd period - Teddy Purcell is hit by John Tavares and loses puck.
13:44 of 3rd period - Minor Penalty to Scott Hartnell for High sticking.
13:45 of 3rd period - Tomas Plekanec wins face-off versus Sidney Crosby in Lightning zone.
14:16 of 3rd period - Icing by Brian Rafalski.
14:17 of 3rd period - Sidney Crosby wins face-off versus Marcel Goc in Senators zone.
15:32 of 3rd period - Shot by Sidney Crosby.
15:32 of 3rd period - Stopped by Jaroslav Halak with a rebound.
15:34 of 3rd period - Shot by Sidney Crosby.
15:34 of 3rd period - Deflect By Jamie Benn.
15:34 of 3rd period - Shot Blocked by Martin St. Louis.
15:36 of 3rd period - Shot by Sidney Crosby.
15:36 of 3rd period - Stopped by Jaroslav Halak without a rebound.
15:37 of 3rd period - Tomas Plekanec wins face-off versus Jason Spezza in Lightning zone.
15:37 of 3rd period - Tomas Plekanec is hit by Claude Giroux.
15:48 of 3rd period - Off-side.
15:49 of 3rd period - Paul Stastny wins face-off versus John Tavares in neutral zone.
15:56 of 3rd period - Icing by Henrik Zetterberg.
15:57 of 3rd period - John Tavares wins face-off versus Tomas Plekanec in Senators zone.
16:12 of 3rd period - Shot by Josh Gorges.
16:12 of 3rd period - Shot Blocked by Kevin Klein.
16:17 of 3rd period - Icing by Henrik Zetterberg.
16:18 of 3rd period - Paul Stastny wins face-off versus John Tavares in Senators zone.
16:19 of 3rd period - Shot by Patrick Kane.
16:19 of 3rd period - Stopped by Carey Price without a rebound.
16:20 of 3rd period - Paul Stastny wins face-off versus John Tavares in Senators zone.
16:46 of 3rd period - Minor Penalty to Martin St. Louis for Interference.
16:47 of 3rd period - Marcel Goc wins face-off versus Sidney Crosby in Lightning zone.
17:07 of 3rd period - Shot by Jamie Benn.
17:07 of 3rd period - Deflect By Sidney Crosby.
17:07 of 3rd period - Goal by Sidney Crosby - Lightning : 4 - Senators : 4.
17:08 of 3rd period - John Tavares wins face-off versus Tomas Plekanec in neutral zone.
17:26 of 3rd period - Shot by Martin Havlat.
17:26 of 3rd period - Deflect By Patrick Sharp.
17:26 of 3rd period - Shot Misses the Net.
17:27 of 3rd period - Minor Penalty to Tomas Plekanec for Charging.
17:28 of 3rd period - Jason Spezza wins face-off versus Patrick Kane in Lightning zone.
17:33 of 3rd period - Shot by Brian Rafalski.
17:33 of 3rd period - Shot Blocked by Josh Gorges.
17:35 of 3rd period - Shot by Brian Willsie.
17:35 of 3rd period - Stopped by Jaroslav Halak with a rebound.
17:39 of 3rd period - Shot by Jamie Benn.
17:39 of 3rd period - Shot Misses the Net.
17:41 of 3rd period - Shot by Jamie Benn.
17:41 of 3rd period - Stopped by Jaroslav Halak without a rebound.
17:42 of 3rd period - Marcel Goc wins face-off versus Jason Spezza in Lightning zone.
18:05 of 3rd period - Patrick Sharp is hit by Jason Spezza and loses puck.
18:27 of 3rd period - Andy Sutton is hit by Claude Giroux and loses puck.
19:34 of 3rd period - Shot by Martin St. Louis.
19:34 of 3rd period - Shot Misses the Net.

Overtime #1

0:01 of 1st overtime period - Sidney Crosby wins face-off versus Paul Stastny in neutral zone.
0:04 of 1st overtime period - Brent Seabrook is hit by Jamie Benn and loses puck.
1:03 of 1st overtime period - Shot by Cory Stillman.
1:03 of 1st overtime period - Shot Blocked by Brent Seabrook.
1:05 of 1st overtime period - Shot by Cory Stillman.
1:05 of 1st overtime period - Shot Blocked by Marek Zidlicky.
1:23 of 1st overtime period - Shot by John Tavares.
1:23 of 1st overtime period - Shot Misses the Net.
1:46 of 1st overtime period - James Wisniewski is hit by Andrej Meszaros.
2:04 of 1st overtime period - Shot by Patrick Sharp.
2:04 of 1st overtime period - Deflect By Tomas Plekanec.
2:04 of 1st overtime period - Shot Misses the Net.
2:49 of 1st overtime period - Icing by Jeff Schultz.
2:50 of 1st overtime period - Jason Spezza wins face-off versus Marcel Goc in Senators zone.
2:50 of 1st overtime period - Jason Spezza is hit by Scott Hartnell.
2:55 of 1st overtime period - Minor Penalty to Andy Sutton for Holding Stick.
2:56 of 1st overtime period - Sidney Crosby wins face-off versus Marcel Goc in Lightning zone.
4:00 of 1st overtime period - Minor Penalty to Brent Seabrook for Goalie Interference.
4:01 of 1st overtime period - Sidney Crosby wins face-off versus Tomas Plekanec in Lightning zone.
4:08 of 1st overtime period - Shot by Sidney Crosby.
4:08 of 1st overtime period - Stopped by Jaroslav Halak without a rebound.
4:09 of 1st overtime period - Sidney Crosby wins face-off versus Tomas Plekanec in Lightning zone.
4:32 of 1st overtime period - Shot by Brian Rafalski.
4:32 of 1st overtime period - Shot Misses the Net.
4:34 of 1st overtime period - Shot by Adrian Aucoin.
4:34 of 1st overtime period - Shot Blocked by Paul Stastny.
4:36 of 1st overtime period - Shot by Adrian Aucoin.
4:36 of 1st overtime period - Stopped by Jaroslav Halak without a rebound.
4:37 of 1st overtime period - Marcel Goc wins face-off versus Jason Spezza in Lightning zone.
5:06 of 1st overtime period - Shot by Jeff Schultz.
5:06 of 1st overtime period - Shot Misses the Net.
5:22 of 1st overtime period - Shot by Dion Phaneuf.
5:22 of 1st overtime period - Shot Misses the Net.
5:24 of 1st overtime period - Shot by Dion Phaneuf.
5:24 of 1st overtime period - Stopped by Jaroslav Halak without a rebound.
5:25 of 1st overtime period - Patrick Sharp wins face-off versus Jason Spezza in Lightning zone.
5:36 of 1st overtime period - Shot by Martin St. Louis.
5:36 of 1st overtime period - Shot Misses the Net.
5:48 of 1st overtime period - Shot by Jeff Schultz.
5:48 of 1st overtime period - Shot Blocked by Martin St. Louis.
6:04 of 1st overtime period - Shot by Paul Stastny.
6:04 of 1st overtime period - Stopped by Carey Price with a rebound.
6:39 of 1st overtime period - Icing by Brent Seabrook.
6:40 of 1st overtime period - Sidney Crosby wins face-off versus Patrick Kane in Lightning zone.
6:41 of 1st overtime period - Shot by Claude Giroux.
6:41 of 1st overtime period - Shot Misses the Net.
7:09 of 1st overtime period - Shot by Sidney Crosby.
7:09 of 1st overtime period - Stopped by Jaroslav Halak without a rebound.
7:10 of 1st overtime period - Teddy Purcell wins face-off versus Brian Willsie in Lightning zone.
7:26 of 1st overtime period - Icing by Jeff Schultz.
7:27 of 1st overtime period - Jason Spezza wins face-off versus Tomas Plekanec in Senators zone.
9:30 of 1st overtime period - Shot by Claude Giroux.
9:30 of 1st overtime period - Shot Misses the Net.
9:32 of 1st overtime period - Shot by Adrian Aucoin.
9:32 of 1st overtime period - Shot Misses the Net.
9:36 of 1st overtime period - Shot by Sidney Crosby.
9:36 of 1st overtime period - Goal by Sidney Crosby - Lightning : 4 - Senators : 5.
9:36 of 1st overtime period - Minor Penalty to Paul Stastny for Interference.


Output by the SimonT Hockey Simulator (STHS) for Stephane Roy -- Original Page W3C XHTML 1.0 Valid